 Dungeon Crawl Stone Soup version 0.18.1-50-g88ac8fd (webtiles) character file.

1379 Drunkenshrew the Sneak (level 8, -9/66 HPs)
             Began as a Mottled Draconian Skald on Oct 1, 2016.
             Mangled by an orc warrior
             ... wielding a +0 halberd
              (13 damage)
             ... on level 6 of the Dungeon.
             The game lasted 00:15:10 (4469 turns).

Drunkenshrew the Sneak (Mottled Draconian Skald)    Turns: 4469, Time: 00:15:11

Health: -9/66      AC:  6    Str: 15    XL:     8   Next: 39%
Magic:  7/11       EV: 12    Int: 15    God:
Gold:   233        SH:  0    Dex: 10    Spells: 3 memorised, 5 levels left

rFire  . . .     SeeInvis .     p - +2 dagger (elec)
rCold  . . .     Gourm    .     (armour unavailable)
rNeg   . . .     Faith    .     (no shield)
rPois  .         Spirit   .     (helmet restricted)
rElec  .         Dismiss  .     (no cloak)
rCorr  .         Reflect  .     (no gloves)
SustAt .         Harm     .     (no boots)
MR     .....                    (no amulet)
Stlth  ++++......               s - ring of stealth
                                l - ring of flight

@: short of breath, infused, not resistant to hostile enchantments, stealthy
A: breathe sticky flame splash, unfitting armour, cold-blooded, AC +6
a: Breathe Sticky Flame, Evoke Flight


You were on level 6 of the Dungeon.
You were not hungry.

You visited 2 branches of the dungeon, and saw 7 of its levels.

You collected 233 gold pieces.

Inventory:

Hand Weapons
 d - a +0 rapier
 k - a +0 quarterstaff
 p - a +2 dagger of electrocution (weapon)
Missiles
 e - 7 tomahawks of returning (quivered)
Jewellery
 l - a ring of flight (left hand)
 s - a ring of stealth (right hand)
Wands
 v - a wand of acid (8/15)
Scrolls
 c - 7 scrolls of identify {unknown}
 g - 2 scrolls of fear {unknown}
 h - 4 scrolls of teleportation {unknown}
 m - a scroll of amnesia {unknown}
 n - 3 scrolls of remove curse {unknown}
 o - a scroll of recharging {unknown}
 y - a scroll of brand weapon {unknown}
 A - a scroll of acquirement {unknown}
Potions
 f - 2 potions of agility {unknown}
 i - 3 potions of flight {unknown}
 q - a potion of degeneration {unknown}
 t - a potion of cure mutation {unknown}
 u - a potion of brilliance {unknown}
 w - a potion of cancellation {unknown}
 x - 2 potions of lignification {unknown}
 z - a potion of invisibility {unknown}
Books
 a - a book of Battle

   Spells                             Type                      Level
   a - Infusion                       Charms                       1
   b - Shroud of Golubria             Charms/Translocation         2
   c - Song of Slaying                Charms                       2
   d - Spectral Weapon                Hexes/Charms                 3
   e - Regeneration                   Charms/Necromancy            3
Comestibles
 b - 6 bread rations
 j - 3 meat rations


   Skills:
 - Level 4.0 Fighting
 - Level 5.4 Short Blades
 - Level 2.0 Dodging
 - Level 6.0 Stealth
 - Level 2.0 Unarmed Combat
 - Level 2.0 Spellcasting
 + Level 5.1 Charms


You had 5 spell levels left.
You knew the following spells:

 Your Spells              Type           Power        Failure   Level  Hunger
a - Infusion              Chrm           ###.         2%          1    #......
b - Shroud of Golubria    Chrm/Tloc      #.........   12%         2    ###....
c - Regeneration          Chrm/Necr      #.........   24%         3    ###....


Dungeon Overview and Level Annotations

Branches:
Dungeon (6/15)             Temple (1/1) D:4

Altars:
Cheibriados
Nemelex Xobeh
Pakellas
Trog
Vehumet
The Shining One


Innate Abilities, Weirdness & Mutations

You can spit globs of burning liquid.
You can ignite nearby creatures when you spit burning liquid.
Your weird mottled scales are hard (AC +6).
Your body does not fit into most forms of armour.
You are cold-blooded and may be slowed by cold attacks.


Message History

You hit the gnoll.
You kill the gnoll!
You hit the shadow imp.
There is a sudden explosion of sparks!
You kill the shadow imp!
The orc warrior hits you from afar with a halberd.
The orc warrior hits you with a halberd!!
Items here: ( ))) [ รท
Press: ? - help, Shift-Dir - straight line, f - orc warrior
Aim: an orc warrior, wielding a halberd and wearing a chain mail You spit a glob of burning liquid.
The splash of liquid fire hits the orc warrior.
The orc warrior appears unharmed.
The orc warrior is covered in liquid flames!
You feel somewhat more hungry.
The orc warrior burns!
The orc warrior hits you with a halberd!!
* * * LOW HITPOINT WARNING * * *
An adder comes into view.
The orc warrior burns!
The orc warrior hits you from afar with a halberd!
You die...

####### #.....#
#.###.########
#.# #..>......
#.###)########
#...@.# ###[###
#o# #o# #F####
#ZS..# ###
####5##...o.
#..oo...#
...5...ooF....#


You could see an orc warrior (burning), a giant frog, an orc priest and a hound
zombie.

Vanquished Creatures
  Grinder (D:3)
  Menkaure (D:5)
  A sky beast (D:5)
  2 ogres (D:5)
  The ghost of Rexou the Shooter, an amateur HEAM (D:3)
  A giant frog (D:6)
  A scorpion (D:4)
  2 howler monkeys
  2 crimson imps (D:5)
  A hound (D:5)
  2 orc priests
  Terence (D:2)
  Jessica (D:3)
  An iguana (D:4)
  2 orc wizards
  2 worker ants
  2 adders
  A gnoll (D:6)
  A shadow imp (D:6)
  An ooze (D:5)
  4 worms
  3 dart slugs
  2 giant geckos (D:5)
  29 orcs
  3 giant cockroaches (D:2)
  8 goblins
  6 hobgoblins
  11 jackals
  3 quokkas
  A ball python (D:2)
  4 bats
  4 giant newts
  10 kobolds
  6 rats
121 creatures vanquished.

Vanquished Creatures (others)
  A hobgoblin (D:1)
1 creature vanquished.

Grand Total: 122 creatures vanquished

Notes
Turn   | Place    | Note
--------------------------------------------------------------
     0 | D:1      | Drunkenshrew the Draconian Skald began the quest for the Orb.
     0 | D:1      | Reached XP level 1. HP: 17/17 MP: 3/3
   178 | D:1      | Reached XP level 2. HP: 12/25 MP: 3/5
   705 | D:2      | Found a radiant altar of Vehumet.
   966 | D:2      | Reached XP level 3. HP: 31/31 MP: 6/6
  1142 | D:2      | Noticed Terence
  1150 | D:2      | Killed Terence
  1150 | D:2      | Reached skill level 1 in Short Blades
  1150 | D:2      | Reached XP level 4. HP: 36/40 MP: 4/7
  1449 | D:3      | Noticed Grinder
  1459 | D:3      | Killed Grinder
  1459 | D:3      | Reached skill level 5 in Short Blades
  1459 | D:3      | Reached XP level 5. HP: 22/46 MP: 2/8
  1459 | D:3      | Reached XP level 6. HP: 24/52 MP: 2/9
  1624 | D:3      | Noticed Jessica
  1630 | D:3      | Killed Jessica
  1693 | D:3      | Reached skill level 1 in Stealth
  1915 | D:3      | Reached skill level 2 in Stealth
  2153 | D:3      | Noticed Rexou's ghost (amateur HEAM)
  2163 | D:3      | Killed Rexou's ghost
  2163 | D:3      | Your scales start taking on a weird mottled colour.
  2163 | D:3      | Reached XP level 7. HP: 58/59 MP: 7/10
  2446 | D:3      | Reached skill level 3 in Stealth
  2672 | D:4      | Found a staircase to the Ecumenical Temple.
  2690 | Temple   | Entered the Ecumenical Temple
  2846 | D:4      | Reached skill level 4 in Stealth
  2902 | D:4      | Found a sparkling altar of Nemelex Xobeh.
  3312 | D:5      | Entered Level 5 of the Dungeon
  3359 | D:5      | Noticed Menkaure
  3368 | D:5      | Killed Menkaure
  3368 | D:5      | Reached skill level 5 in Stealth
  3598 | D:5      | Reached skill level 6 in Stealth
  3650 | D:5      | Reached XP level 8. HP: 66/66 MP: 7/11
  3692 | D:5      | Learned a level 2 spell: Shroud of Golubria
  3696 | D:5      | Learned a level 3 spell: Regeneration
  4211 | D:6      | Reached skill level 5 in Charms
  4469 | D:6      | Mangled by an orc warrior

Skill      XL: |  1  2  3  4  5  6  7  8 |
---------------+-------------------------+-----
Dodging        | 2 |  2.0
Fighting       | 3 4 |  4.0
Short Blades   | 1 5 |  5.4
Stealth        | 2 6 |  6.0
Charms         | 3 5 |  5.1
Unarmed Combat | |  2.0
Spellcasting   | |  2.0

Action                   |  1- 3 |  4- 6 |  7- 9 || total
-------------------------+-------+-------+-------++-------
Melee: Mace              |    52 |       |       ||    52
       Tailslap          |     7 |    10 |    15 ||    32
       Quarterstaff      |    25 |       |       ||    25
       Punch             |     1 |       |     1 ||     2
       Dagger            |     7 |    98 |   160 ||   265
 Cast: Infusion          |    10 |     7 |    21 ||    38
 Abil: Breathe Sticky Fl |       |       |     2 ||     2
 Stab: Sleeping          |       |     1 |     4 ||     5
  Eat: Chunk             |     1 |     3 |     7 ||    11
       Pizza             |       |       |     1 ||     1
Armor: Skin              |    20 |    19 |    45 ||    84
Dodge: Dodged            |    56 |    45 |    68 ||   169
